 Dungeon Crawl Stone Soup version 0.28-a0-862-g58c29a6370 (webtiles) character file.

Game seed: 7881402627041712533

159 Htamos the Conjurer (level 5, 0/29 HPs)
             Began as a Deep Elf Conjurer on Nov 16, 2021.
             Slain by a river rat (5 damage)
             ... in a sewer.
             The game lasted 00:03:40 (2473 turns).

Htamos the Conjurer (Deep Elf Conjurer)             Turns: 2473, Time: 00:03:41

Health: 0/29       AC:  5    Str:  5    XL:     5   Next: 17%
Magic:  11/14      EV: 13    Int: 23    God:
Gold:   92         SH:  0    Dex: 13    Spells: 12/13 levels left

rFire   . . .      SeeInvis .   (no weapon)
rCold   . . .      Faith    .   (no shield)
rNeg    . . .      Spirit   .   a - +0 robe
rPois   .          Reflect  .   e - +2 helmet
rElec   .          Harm     .   (no cloak)
rCorr   .          Rampage  .   (no gloves)
Will    .....                   (no boots)
Stlth   ++........              (no amulet)
HPRegen 0.09/turn               (no ring)
MPRegen 0.14/turn               (no ring)

@: no status effects
A: no striking features
a: no special abilities


You were in a sewer.
You visited 1 branch of the dungeon, and saw 3 of its levels.
You also visited: Sewer.

You collected 92 gold pieces.

Inventory:

Missiles
 h - 11 poisoned darts
Armour
 a - a +0 robe (worn)
 e - a +2 helmet (worn)
Jewellery
 c - a +6 ring of intelligence
 d - a +4 ring of evasion
Scrolls
 b - 2 scrolls of torment
Potions
 g - a potion of flight {unknown}


   Skills:
 + Level 1.1 Fighting
 + Level 3.2 Dodging
 + Level 3.6 Stealth
 * Level 4.7 Spellcasting
 * Level 5.2 Conjurations


You had 12 spell levels left.
You knew the following spells:

 Your Spells              Type           Power      Damage    Failure   Level
a - Magic Dart            Conj           100%       1d8       1%          1

Your spell library contained the following spells:

 Spells                   Type           Power      Damage    Failure   Level
 Searing Ray              Conj           58%        2d6       1%          2
 Dazzling Flash           Conj/Hex       34%        N/A       10%         3
 Fulminant Prism          Conj/Hex       8%         3d7       32%         4
 Iskenderun's Mystic Bla  Conj/Tloc      17%        2d5       32%         4


Dungeon Overview and Level Annotations

Branches:
Dungeon (3/15)              Sewer (1/1)

Altars:


Message History

Press: ? - help, Shift-Dir - straight line, f - river rat
Aim: a river rat (100% to hit)
The magic dart hits the river rat.
The river rat is heavily wounded.
The rat bites you. x2
* * * LOW HITPOINT WARNING * * *
The river rat bites you but does no damage.
The river rat barely misses you.
Casting: Magic Dart (safe; 1% risk of failure)
Confirm with . or Enter, or press ? or * to list all spells.
Aiming: Magic Dart (safe; 1% risk of failure)
Press: ? - help, Shift-Dir - straight line, f/p - river rat
Aim: a river rat (heavily wounded, 100% to hit)
The magic dart hits the river rat.
The river rat is severely wounded.
The rat bites you but does no damage. The rat closely misses you.
The river rat bites you.
* * * LOW HITPOINT WARNING * * *
The river rat barely misses you.
Casting: Magic Dart (safe; 1% risk of failure)
Confirm with . or Enter, or press ? or * to list all spells.
Aiming: Magic Dart (safe; 1% risk of failure)
Press: ? - help, Shift-Dir - straight line, f/p - river rat
Aim: a river rat (severely wounded, 100% to hit)
The magic dart hits the river rat.
The river rat is almost dead.
The rat barely misses you. The rat bites you but does no damage.
The river rat barely misses you. The river rat bites you.
* * * LOW HITPOINT WARNING * * *
Casting: Magic Dart (safe; 1% risk of failure)
Confirm with . or Enter, or press ? or * to list all spells.
Aiming: Magic Dart (safe; 1% risk of failure)
Press: ? - help, Shift-Dir - straight line, f/p - river rat
Aim: a river rat (almost dead, 100% to hit)
The magic dart hits the river rat.
The river rat is almost dead.
The rat barely misses you. The rat bites you.
* * * LOW HITPOINT WARNING * * *
The river rat bites you.
You die...

#.......≈≈≈≈≈....
#†......≈≈≈≈≈....
##.......≈≈≈≈..#
#.......†≈≈..## ##
##......≈≈≈..## †.#
####.......≈≈...##...#
#∩###......≈≈.......#
#.###......≈≈......#
#..#.......≈≈.@r.†.#
##.........≈≈rrr...#
##........≈≈......#
##.......≈≈.......#
##......≈≈≈.†.....#
#......≈≈≈≈....#...#
#......≈≈≈≈≈..###..#
#..#....≈≈≈≈≈..# ..#
#.###...≈≈≈≈≈


You could see 2 river rats and 2 rats.

Vanquished Creatures
  Robin (D:1)
  3 river rats
  5 adders
  A worm (D:2)
  4 endoplasms
  3 giant cockroaches
  12 goblins
  7 hobgoblins
  2 quokkas (D:2)
  13 ball pythons
  5 bats
  A frilled lizard (D:1)
  2 kobolds
  18 rats
77 creatures vanquished.

Notes
Turn   | Place    | Note
-------+----------+-------------------------------------------
     0 | D:1      | Htamos the Deep Elf Conjurer began the quest for the Orb.
     0 | D:1      | Reached XP level 1. HP: 10/10 MP: 6/6
    31 | D:1      | Found a faded altar of an unknown god.
   313 | D:1      | Reached XP level 2. HP: 15/15 MP: 5/8
   824 | D:2      | Noticed Robin
  1063 | D:1      | Killed Robin
  1064 | D:1      | Reached XP level 3. HP: 7/20 MP: 1/10
  1751 | D:2      | Reached XP level 4. HP: 24/24 MP: 8/12
  1939 | D:2      | Reached skill level 5 in Conjurations
  2098 | D:3      | Reached skill level 1 in Fighting
  2104 | D:3      | Found a glowing drain.
  2171 | Sewer    | Entered a sewer
  2379 | Sewer    | Reached XP level 5. HP: 29/29 MP: 4/14
  2473 | Sewer    | Slain by a river rat

Illustrated notes

Levels and vault maps discovered:
D:1:      amcnicky_arrival_flooded_fountain, layout_basic,
          basic_ecumenical_altar, st_stairs_12, minmay_tripent
D:2:      layout_rooms, minmay_close_crescents, uniq_robin
D:3:      layout_rooms, portal_sewer_entry_a
Sewer:    sewer_minmay_treatment

Skill      XL: |  1  2  3  4 |
---------------+-------------+-----
Stealth        | 3 |  3.6
Spellcasting   | 4 |  4.7
Dodging        | 3 |  3.2
Conjurations   | 5 |  5.2
Fighting       | 1 |  1.1

Action                   |  1- 3 |  4- 6 || total
-------------------------+-------+-------++-------
Melee: Unarmed           |     4 |    12 ||    16
 Cast: Magic Dart        |    84 |    70 ||   154
  Use: Scroll            |       |     1 ||     1
       Potion            |       |     1 ||     1
Armor: Robe              |     5 |     8 ||    13
Dodge: Dodged            |    14 |    27 ||    41

Table legend: (Time is in decaauts)
 A = Elapsed time spent in this place.
 B = Non-inter-level travel time spent in this place.
 C = Inter-level travel time spent in this place.
 D = Time resting spent in this place.
 E = Time spent auto-exploring this place.
 F = Levels seen in this place.
 G = Mean time per level.
                   A        B        C        D        E       F      G
               +--------+--------+--------+--------+--------+-----+--------+
         Total |   2479 |   2426 |     53 |    246 |   1716 |   4 |  619.8 |
       Dungeon |   2173 |   2120 |     53 |     47 |   1711 |   3 |  724.3 |
         Sewer |    305 |    305 |      0 |    199 |      5 |   1 |  305.0 |
               +--------+--------+--------+--------+--------+-----+--------+

Top non-repeatable levels by time:
     D:2: 1043 daAuts
     D:1: 1042 daAuts
   Sewer: 305 daAuts
     D:3: 87 daAuts
